 Dungeon Crawl Stone Soup version 0.29.1-15-g9cfb28693d (webtiles) character file.

Game seed: 2254548643788562320

321 Achh the Slasher (level 6, -7/48 HPs)
             Began as a Human Fighter on Mar 14, 2023.
             Was a Believer of Hepliaklqana.
             Killed by nerve-wracking pain
             ... invoked by Grinder
              (13 damage)
             ... on level 6 of the Dungeon.
             The game lasted 00:26:52 (2107 turns).

Achh the Slasher (Human Fighter)                    Turns: 2107, Time: 00:26:52

Health: -7/48      AC:  9    Str: 18    XL:     6   Next: 76%
Magic:  6/6        EV: 13    Int:  9    God:    Hepliaklqana [**....]
Gold:   221        SH:  9    Dex: 12    Spells: 5/5 levels left

rFire   + . .      SeeInvis .   a - +1 long sword
rCold   . . .      Faith    .   c - +0 buckler
rNeg    . . .      Spirit   .   b - +0 scale mail
rPois   .          Reflect  +   e - +2 hat
rElec   .          Harm     .   (no cloak)
rCorr   .          Rampage  .   (no gloves)
Will    .....      Rage     3%  (no boots)
Stlth   ..........              p - amulet of reflection
HPRegen 0.16/turn               y - ring of protection from fire
MPRegen 0.10/turn               s - +4 ring of evasion

@: mighty, unable to read
A: reduced essence, berserk 1, robust 1, inability to read after injury 1
a: Renounce Religion, Recall Ancestor, Ancestor Identity


You were on level 6 of the Dungeon.
You worshipped Hepliaklqana.
Hepliaklqana was pleased with you.
You visited 1 branch of the dungeon, and saw 5 of its levels.

You collected 221 gold pieces.

Inventory:

Hand Weapons
 a - a +1 long sword (weapon)
 h - a +0 halberd
 r - a +0 glaive
Missiles
 u - 4 javelins (quivered)
Armour
 b - a +0 scale mail (worn)
 c - a +0 buckler (worn)
 e - a +2 hat (worn)
Jewellery
 m - a ring of wizardry
 n - an amulet of the acrobat
 p - an amulet of reflection (around neck)
 s - a +4 ring of evasion (right hand)
 w - a ring of fire
 y - a ring of protection from fire (left hand)
Wands
 o - a wand of polymorph (13)
Scrolls
 d - a scroll of poison {unknown}
 g - 2 scrolls of noise {unknown}
 t - 3 scrolls of identify {unknown}
 v - a scroll of brand weapon {unknown}
 z - a scroll of immolation {unknown}
 A - a scroll of teleportation {unknown}
Potions
 f - a potion of mutation
 j - 3 potions of attraction
 k - a potion of flight {unknown}
 l - a potion of brilliance {unknown}
 q - a potion of lignification {unknown}
 x - a potion of heal wounds {unknown}


   Skills:
 + Level 4.0 Fighting
 + Level 4.4 Long Blades
 + Level 4.0 Armour
 + Level 1.3 Dodging
 + Level 0.8 Stealth
 + Level 3.6 Shields


You had 5 spell levels left.
You didn't know any spells.
Your spell library contained the following spells:

 Spells                   Type           Power      Damage    Failure   Level
 Sandblast                Erth           0%         2d4       86%         1
 Passwall                 Tmut/Erth      0%         N/A       94%         2
 Stone Arrow              Conj/Erth      0%         3d7       99%         3


Dungeon Overview and Level Annotations

Branches:
Dungeon (4/15)
 Temple: D:4-7

Altars:
Hepliaklqana

Annotations:
D:6 Grinder


Innate Abilities, Weirdness & Mutations

Your life essence is reduced to manifest your ancestor. (-10% HP)
You sometimes lose your temper in combat.
You are robust. (+10% HP)
You occasionally lose the ability to read scrolls when taking damage.


Message History

The ice beast is heavily wounded.
The ice beast hits you but does no damage.
You closely miss the ice beast.
The ice beast is heavily wounded.
You block the ice beast's attack. Grinder hits you.
You writhe in agony.
The ice beast hits you but does no damage.
You block Grinder's attack.
You feel very mighty all of a sudden. The ice beast barely misses you.
Grinder hits you!
You feel threatened and lose the ability to read scrolls!
You writhe in agony.
You slash the ice beast!
The ice beast is almost dead.
The ice beast hits you but does no damage.
Grinder barely misses you.
You slash the ice beast!
You kill the ice beast!
You block Grinder's attack.
Your Fighting skill increases to level 4!
Your Armour skill increases to level 4!
You hit Grinder.
Grinder is heavily wounded.
Grinder hits you.
You writhe in agony.
* * * LOW HITPOINT WARNING * * *
You slash Grinder!
Grinder is almost dead.
Grinder hits you but does no damage.
You can read scrolls again.
Grinder gestures at you.
You barely resist. Grinder attacks as you move away! Grinder hits you.
* * * LOW HITPOINT WARNING * * *
You writhe in agony.
* * * LOW HITPOINT WARNING * * *
Grinder blinks!
Udjan is no longer paralysed.
Grinder gestures at you. Pain shoots through your body!
You feel threatened and lose the ability to read scrolls!
You die...

#.##....#.#
...$ #.# ##..
#.# #... #(#
#... #.#
####...###.#
#.......5R§#
#..........#
#......@...#
####...###.#
#... ../.
#... #####
#... #(((##.
#... (#(#(##.
#...#((#...#.
##..


You could see the friendly Udjan the hexer and Grinder (ally target).

Vanquished Creatures
  An ice beast (D:6)
  A hound (D:4)
  7 adders
  A gnoll (D:2)
  2 worms (D:2)
  A dart slug (D:1)
  6 ball pythons
  5 endoplasms
  3 giant cockroaches
  4 goblins
  3 hobgoblins
  4 jackals
  5 quokkas
  2 bats (D:2)
  4 frilled lizards
  4 kobolds
  3 rats
56 creatures vanquished.

Vanquished Creatures (collateral kills)
  A hound (D:4)
  An adder (D:3)
  2 worms
  A ball python (D:3)
  An endoplasm (D:4)
  A giant cockroach (D:3)
  4 hobgoblins
  2 jackals (D:3)
  2 frilled lizards
  2 kobolds (D:3)
17 creatures vanquished.

Vanquished Creatures (others)
  An ancestor (D:2)
1 creature vanquished.

Grand Total: 74 creatures vanquished

Notes
Turn   | Place    | Note
-------+----------+-------------------------------------------
     0 | D:1      | Achh the Human Fighter began the quest for the Orb.
     0 | D:1      | Reached XP level 1. HP: 18/18 MP: 1/1
    40 | D:1      | Reached XP level 2. HP: 15/24 MP: 2/2
   273 | D:1      | Found a faded altar of an unknown god.
   284 | D:1      | Reached XP level 3. HP: 25/29 MP: 3/3
   401 | D:1      | Prayed at the altar of an unknown god.
   401 | D:1      | Became a worshipper of Hepliaklqana the Forgotten
   401 | D:1      | Reached * piety under Hepliaklqana
   952 | D:2      | Gained mutation: You sometimes lose your temper in combat.
                  | [potion of mutation]
   952 | D:2      | Gained mutation: You occasionally lose the ability to read
                  | scrolls when taking damage. [potion of mutation]
   952 | D:2      | Gained mutation: You are robust. (+10% HP) [potion of
                  | mutation]
  1053 | D:2      | Reached XP level 4. HP: 24/35 MP: 4/4
  1314 | D:2      | Reached skill level 1 in Dodging
  1375 | D:2      | Reached XP level 5. HP: 42/42 MP: 5/5
  1755 | D:3      | Reached ** piety under Hepliaklqana
  1757 | D:3      | Remembered your ancestor Udjan as a hexer
  2020 | D:4      | Reached XP level 6. HP: 46/48 MP: 6/6
  2043 | D:4      | You fall into a shaft and drop 2 floors!
  2086 | D:6      | Noticed Grinder
  2087 | D:6      | Noticed an ice beast
  2088 | D:6      | Noticed a +0 dagger
  2089 | D:6      | Noticed a +0 short sword
  2089 | D:6      | Noticed a +0 falchion
  2091 | D:6      | Noticed a +0 spear
  2091 | D:6      | Noticed a +0 dagger
  2093 | D:6      | Noticed a +0 falchion
  2095 | D:6      | Noticed a +0 short sword
  2097 | D:6      | Noticed a +0 spear
  2102 | D:6      | Killed an ice beast
  2107 | D:6      | Killed from afar by Grinder

Illustrated notes

Levels and vault maps discovered:
D:1:      sevenhm_arrival_forest_fort_small_4, layout_loops_ring,
          hellmonk_ecumenical_altar_run_dry
D:2:      kb_forest_paths, layout_loops_ring
D:3:      layout_basic
D:4:      layout_loops_ring, kennysheep_generic_room_7, uniq_eustachio
D:6:      layout_loops_ring, nicolae_uskayaw_en_pointe, uniq_maggie,
          uniq_menkaure, uniq_grinder

Skill      XL: |  1  2  3  4  5  6 |
---------------+-------------------+-----
Dodging        | 1 |  1.3
Long Blades    | 3 4 |  4.4
Fighting       | 4 |  4.0
Armour         | 4 |  4.0
Stealth        | |  0.8
Shields        | |  3.6

Action                   |  1- 3 |  4- 6 || total
-------------------------+-------+-------++-------
Melee: Long sword        |    65 |   112 ||   177
Invok: Ancestor Identity |     1 |       ||     1
       Ancestor Life: He |       |     1 ||     1
       Recall Ancestor   |       |     1 ||     1
  Use: Potion            |     3 |     2 ||     5
       Scroll            |     2 |     2 ||     4
 Stab: Distracted        |       |     2 ||     2
Armor: Scale mail        |    21 |    32 ||    53
Dodge: Dodged            |    29 |    53 ||    82
Block: Buckler           |    11 |    50 ||    61
       Reflection        |       |     1 ||     1
